 Dungeon Crawl Stone Soup version 0.29.0-4-gdea44cf6ec (webtiles) character file.

Game seed: 16587218291209832152

9 qw the Sneak (level 2, -1/19 HPs)
             Began as a Gargoyle Delver on Sept 10, 2022.
             Slain by a water moccasin (2 damage)
             ... on level 5 of the Dungeon.
             The game lasted 00:00:04 (176 turns).

qw the Sneak (Gargoyle Delver)                       Turns: 176, Time: 00:00:05

Health: -1/19      AC:  5    Str: 15    XL:     2   Next: 12%
Magic:  2/2        EV: 11    Int: 10    God:
Gold:   0          SH:  0    Dex: 11    Spells: 1/1 levels left

rFire   . . .      SeeInvis .   Y - +2 hand axe
rCold   . . .      Faith    .   (no shield)
rNeg    + . .      Spirit   .   b - +0 leather armour
rPois   inf        Reflect  .   (no helmet)
rElec   +          Harm     .   (no cloak)
rCorr   .          Rampage  .   (no gloves)
Will    .....                   (no boots)
Stlth   +++.......              (no amulet)
HPRegen 0.06/turn               (no ring)
MPRegen 0.08/turn               (no ring)

@: no status effects
A: sickness immunity, AC +2, negative energy resistance 1, electricity
resistance, torment resistance 1, petrification resistance
a: no special abilities


You were on level 5 of the Dungeon.
You visited 1 branch of the dungeon, and saw 1 of its levels.


Innate Abilities, Weirdness & Mutations

You are immune to sickness and miasma.
Your stone body is resilient. (AC +2)
You are immune to poison.
You resist negative energy. (rN+)
You are resistant to electric shocks. (rElec)
You are resistant to unholy torment.
You are immune to petrification.


   Skills:
 - Level 3.2 Fighting
 + Level 2.5 Axes
 - Level 1.5 Dodging
 - Level 5.4 Stealth


You had one spell level left.
You didn't know any spells.
Your spell library was empty.

Inventory:

Hand Weapons
 j - a +0 club
 Y - a +2 hand axe (weapon)
Armour
 b - a +0 leather armour (worn)
Wands
 g - a wand of digging (3)
Potions
 f - a potion of haste

Dungeon Overview and Level Annotations

Branches:
Dungeon (5/15)
 Temple: D:4-7

Altars:


Message History

There is a stone staircase leading down here.
Found a stone staircase leading up.
j - a +0 club
Enter note:
Enter note:
158 ||| READING 2 scrolls labelled WYSTUO VOARCH.
As you read the scroll labelled WYSTUO VOARCH, it crumbles to dust.
It is a scroll of enchant weapon.
Your +0 hand axe glows red for a moment.
159 ||| READING scroll of enchant weapon.
As you read the scroll of enchant weapon, it crumbles to dust.
Your +1 hand axe glows red for a moment.
159 ||| ENCHANTING +1 hand axe.
160 ||| READING scroll labelled ZEN RIUSMEKH.
As you read the scroll labelled ZEN RIUSMEKH, it crumbles to dust.
It is a scroll of identify.
You don't have any unidentified items.
161 ||| DROPPING scroll of fog.
You drop a scroll of fog.
162 ||| DROPPING scroll of magic mapping.
You drop a scroll of magic mapping.
163 ||| DROPPING scroll of fear.
You drop a scroll of fear.
(D) Dungeon
Where to? (* - list waypoints, ? - help)
What level of the Dungeon? (default 1, ? - help)
A water moccasin comes into view.
The water moccasin hisses angrily.
You completely miss the water moccasin. The water moccasin bites you!
You closely miss the water moccasin. The water moccasin closely misses you.
The water moccasin bites you but does no damage.
You miss the water moccasin.
The water moccasin bites you but does no damage.
The water moccasin bites you.
You closely miss the water moccasin. The water moccasin bites you.
You hit the water moccasin.
The water moccasin is lightly wounded.
The water moccasin bites you. x2
You die...

.....# .# #<...#
#.## #....##...#
##..........
#...........
#...........
#....S......
#@..$....
##?.......
#.........
##.........
#..........
########..........#
......(............
#####..###.#...(..
#.>.#####....#


You could see a water moccasin.

Vanquished Creatures
  An adder (D:5)
1 creature vanquished.

Notes
Turn   | Place    | Note
-------+----------+-------------------------------------------
     0 | D:5      | qw the Gargoyle Delver began the quest for the Orb.
     0 | D:5      | Reached XP level 1. HP: 14/14 MP: 1/1
     0 | D:5      | 0 ||| qw: Version: 0.1-a-116-g5d60599
     0 | D:5      | 0 ||| qw: Game counter: 8857
     0 | D:5      | 0 ||| qw: Always use a shield: true
     0 | D:5      | 0 ||| qw: God list: Okawaru
     0 | D:5      | 0 ||| qw: Allow faded altars: false
     0 | D:5      | 0 ||| qw: Do Orc after D:15 true
     0 | D:5      | 0 ||| qw: Do second Lair branch before Depths: true
     0 | D:5      | 0 ||| qw: Lair rune preference: random
     0 | D:5      | 0 ||| qw: Plans: Normal
     0 | D:5      | 0 ||| PLANNING D:1-11
    29 | D:5      | Reached XP level 2. HP: 12/19 MP: 2/2
   158 | D:5      | 158 ||| READING 2 scrolls labelled WYSTUO VOARCH.
   159 | D:5      | 159 ||| READING scroll of enchant weapon.
   159 | D:5      | 159 ||| ENCHANTING +1 hand axe.
   160 | D:5      | 160 ||| READING scroll labelled ZEN RIUSMEKH.
   161 | D:5      | 161 ||| DROPPING scroll of fog.
   162 | D:5      | 162 ||| DROPPING scroll of magic mapping.
   163 | D:5      | 163 ||| DROPPING scroll of fear.
   164 | D:5      | Noticed a water moccasin
   175 | D:5      | HP: 2/19 [water moccasin (3)]
   176 | D:5      | Slain by a water moccasin

Levels and vault maps discovered:
D:5:      wad_crossroads, layout_cave_pools, regret_index_temple_of_mockery,
          kiku_gazebo_garden_becter, lemuel_blue_sif_altar,
          minmay_misc_feat_plants

Skill      XL: |  1 |
---------------+----+-----
Axes           | 2 |  2.5
Fighting       | |  3.2
Dodging        | |  1.5
Stealth        | |  5.4

Action                   || total
-------------------------++-------
Melee: Hand axe          ||    17
  Use: Scroll            ||     3
Armor: Leather armour    ||     5
Dodge: Dodged            ||    12

Table legend:
 A = Non-vault XP
 B = Vault XP
 C = Vault XP percentage of total XP
 D = Non-vault monster count
 E = Vault monster count
 F = Vault count percentage of total count
                 A         B        C        D         E       F
            +---------+---------+-------+---------+---------+-------
      Total |      13 |       0 |   0.0 |       1 |       0 |   0.0
            +---------+---------+-------+---------+---------+-------
        D:5 |      13 |       0 |   0.0 |       1 |       0 |   0.0
            +---------+---------+-------+---------+---------+-------
